 Dungeon Crawl Stone Soup version 0.20-b1 (webtiles) character file.

583 azrac the Shield-Bearer (level 7, -7/56 HPs)
             Began as a Formicid Fighter on May 27, 2017.
             Killed by divine providence
             ... invoked by an orc priest
              (17 damage)
             ... on level 4 of the Dungeon.
             The game lasted 00:04:32 (2658 turns).

azrac the Shield-Bearer (Formicid Fighter)          Turns: 2658, Time: 00:04:32

Health: -7/56      AC: 11    Str: 23    XL:     7   Next: 64%
Magic:  7/7        EV:  8    Int:  7    God:
Gold:   150        SH: 10    Dex: 10    Spells: 6/6 levels left

rFire    + . .     SeeInvis +   a - +0 war axe
rCold    . . .     Gourm    .   c - +0 shield
rNeg     . . .     Faith    +   o - +1 scale mail {rF+}
rPois    .         Spirit   .   (helmet unavailable)
rElec    .         Reflect  .   h - scarf {cloud immunity}
rCorr    .         Harm     .   n - +2 pair of gloves
MR       .....                  (no boots)
Stlth    ..........             x - amulet of faith
Regen    0.2/turn               (no ring)
MPRegen  0.1/turn               (no ring)

@: no status effects
A: permanent stasis, dig shafts and tunnels, four strong arms, antennae 3
a: Dig, Shaft Self


You were on level 4 of the Dungeon.
You were not hungry.

You visited 1 branch of the dungeon, and saw 4 of its levels.

You collected 150 gold pieces.

Inventory:

Hand Weapons
 a - a +0 war axe (weapon)
Armour
 c - a +0 shield (worn)
 h - a scarf of cloud immunity (worn)
 n - a +2 pair of gloves (worn)
 o - a +1 scale mail of fire resistance (worn)
Jewellery
 x - an amulet of faith (around neck)
Wands
 u - a wand of clouds (4/9)
Scrolls
 e - a scroll of identify {unknown}
 i - a scroll of enchant weapon {unknown}
 p - 2 scrolls of remove curse {unknown}
 t - a scroll of recharging {unknown}
 v - 2 scrolls of amnesia {unknown}
Potions
 d - 3 potions of might
 j - a potion of degeneration {unknown}
 k - a potion of lignification {unknown}
 m - a potion of heal wounds {unknown}
 q - a potion of flight {unknown}
 r - a potion of magic {unknown}
 w - a potion of brilliance {unknown}
Comestibles
 b - a chunk of flesh
 f - 2 bread rations
 g - 3 fruits
 l - 3 meat rations
 s - a royal jelly


   Skills:
 + Level 5.0 Fighting
 * Level 5.2 Axes
 + Level 4.8 Armour
 + Level 5.5 Shields


You had 6 spell levels left.
You didn't know any spells.

Dungeon Overview and Level Annotations

Branches:
Dungeon (4/15)
 Temple: D:4-7

Altars:
Ru
Vehumet

Annotations:
D:2 1 runed door
D:4 Grinder


Innate Abilities, Weirdness & Mutations

You cannot be hasted, slowed, berserked, paralysed or teleported.
You can dig through walls and to a lower floor.
Your four strong arms can wield two-handed weapons with a shield.
You have a pair of large antennae on your head. (SInv)


Message History

The orc priest is heavily wounded.
You block the orc priest's attack.
The orc wizard mumbles some strange words.
The orc wizard blinks!
The orc priest mumbles some strange prayers to Beogh against you.
Pain shoots through your body!
* * * LOW HITPOINT WARNING * * *
You hit the orc priest.
The orc priest is severely wounded.
The orc priest mumbles some strange prayers to Beogh against you.
You struggle to resist.
You barely miss the orc priest.
The orc priest is severely wounded.
Your shield and scale mail prevent you from hitting the orc wizard.
The orc wizard gestures at you while chanting.
The magic dart hits you!
* * * LOW HITPOINT WARNING * * *
The orc priest calls down the wrath of Beogh upon you.
Beogh smites you!
You die...

###########
#####.........#
######.....#######.###
#.......#### #....
#.####..# #####
#.......#
###.####..#### ##
#.....)o)....# #.
.#.#..@).##.# #.
#.o#..# # # #..#.....
# ......###.# #.
###..### # #. ... ##
###. #.#########
######.#.......#######


You could see an orc priest and an orc wizard.

Vanquished Creatures
  Sigmund (D:2)
  An ice beast (D:3)
  An ogre (D:3)
  An orc wizard (D:3)
  An orc priest (D:3)
  An iguana (D:4)
  Terence (D:2)
  A worker ant (D:4)
  An adder (D:2)
  2 oozes
  3 worms
  A dart slug (D:1)
  7 leopard geckos
  7 orcs
  A ball python (D:3)
  5 giant cockroaches
  10 goblins
  6 hobgoblins
  2 quokkas
  6 bats
  4 frilled lizards
  9 kobolds
  6 rats
78 creatures vanquished.

Notes
Turn   | Place    | Note
-------+----------+-------------------------------------------
     0 | D:1      | azrac the Formicid Fighter began the quest for the Orb.
     0 | D:1      | Reached XP level 1. HP: 18/18 MP: 1/1
   139 | D:1      | Reached XP level 2. HP: 24/24 MP: 2/2
   520 | D:1      | Reached XP level 3. HP: 29/29 MP: 3/3
   832 | D:2      | Noticed Sigmund
   845 | D:2      | Killed Sigmund
   845 | D:2      | Reached XP level 4. HP: 30/37 MP: 4/4
   845 | D:2      | Reached XP level 5. HP: 34/42 MP: 5/5
   845 | D:2      | Reached XP level 6. HP: 39/48 MP: 6/6
   932 | D:2      | Found a radiant altar of Vehumet.
  1006 | D:2      | Noticed Terence
  1019 | D:2      | Killed Terence
  1136 | D:2      | Found a faded altar of an unknown god.
  1226 | D:2      | Found a sacrificial altar of Ru.
  1307 | D:2      | Found a runed door.
  1546 | D:3      | Noticed an ice beast
  1556 | D:3      | Killed an ice beast
  1556 | D:3      | Reached skill level 5 in Shields
  1608 | D:3      | Noticed an ogre
  1618 | D:3      | Killed an ogre
  1618 | D:3      | Reached XP level 7. HP: 31/55 MP: 7/7
  1797 | D:3      | Reached skill level 5 in Axes
  2339 | D:4      | Noticed Grinder
  2379 | D:4      | Reached skill level 5 in Fighting
  2658 | D:4      | Killed from afar by an orc priest

Skill      XL: |  1  2  3  4  5  6  7 |
---------------+----------------------+-----
Axes           | 4 5 |  5.2
Fighting       | 4 5 |  5.0
Armour         | 4 |  4.8
Shields        | 4 5 |  5.5

Action                   |  1- 3 |  4- 6 |  7- 9 || total
-------------------------+-------+-------+-------++-------
Melee: War axe           |    74 |    82 |   103 ||   259
  Use: Scroll            |       |       |     1 ||     1
  Eat: Chunk             |       |     3 |     3 ||     6
Armor: Scale mail        |    22 |    37 |    48 ||   107
Dodge: Dodged            |    23 |    16 |    32 ||    71
Block: Shield            |    42 |    41 |    65 ||   148
